 Dungeon Crawl Stone Soup version 0.18-a0-1702-gd20c6a5 (webtiles) character file.

532 Ijustatesigmund the Sneak (level 7, -2/45 HPs)
             Began as an Octopode Assassin on Apr 5, 2016.
             Slain by a quokka skeleton (3 damage)
             ... on level 6 of the Dungeon on Apr 6, 2016.
             The game lasted 00:13:06 (4514 turns).

Ijustatesigmund the Sneak (Octopode Assassin)       Turns: 4514, Time: 00:13:07

Health: -2/45      AC:  1    Str: 11    XL:     7   Next: 24%
Magic:  7/7        EV: 12    Int: 13    God:
Gold:   306        SH:  0    Dex: 15    Spells: 1 memorised, 3 levels left

rFire  . . .     SeeInvis .     a - +2 dagger
rCold  . . .     Gourm    .     (no shield)
rNeg   . . .     Faith    .     (helmet restricted)
rPois  .         Spirit   .     (no amulet)
rElec  .         Dismiss  .     o - ring of wizardry
rCorr  .         Reflect  .     (no ring)
SustAt .         Harm     .     (no ring)
MR     .....                    (no ring)
Stlth  +++++.....               (no ring)
                                (no ring)
                                (no ring)
                                (no ring)

@: not resistant to hostile enchantments, quite stealthy
A: almost no armour, amphibious, 8 rings, constrict 8, camouflage 1, gelatinous
body 1
a: no special abilities


You were on level 6 of the Dungeon.
You were not hungry.

You visited 2 branches of the dungeon, and saw 7 of its levels.

You collected 306 gold pieces.

Inventory:

Hand Weapons
 a - a +2 dagger (weapon)
 b - a +0 blowgun
Missiles
 c - 6 poisoned needles
 d - 2 curare-tipped needles
Jewellery
 o - a ring of wizardry (left tentacle)
Wands
 g - a wand of flame (21/48)
Scrolls
 e - 4 scrolls of remove curse
 l - 2 scrolls of fear
 n - a scroll of identify
 r - a scroll of magic mapping
 s - a scroll of immolation
 u - a scroll of recharging
Potions
 j - a potion of flight
 m - 2 potions of might
 p - a potion of mutation
 q - a potion of brilliance
 w - a potion of agility
Books
 t - a book of Changes

   Spells                             Type                      Level
   a - Beastly Appendage              Transmutation                1
   b - Sticks to Snakes               Transmutation                2
   c - Spider Form                    Transmutation/Poison         3
   d - Ice Form                       Ice/Transmutation            4
   e - Blade Hands                    Transmutation                5
Comestibles
 f - 2 bread rations
 h - 2 meat rations


   Skills:
 - Level 2.0 Fighting
 + Level 4.6 Short Blades
 + Level 4.2 Throwing
 - Level 1.0 Dodging
 + Level 7.3 Stealth
 + Level 1.9 Transmutations
 + Level 2.3 Poison Magic


You had 3 spell levels left.
You knew the following spells:

 Your Spells              Type           Power        Failure   Level  Hunger
a - Spider Form           Trmt/Pois      #.........   16%         3    ####...


Dungeon Overview and Level Annotations

Branches:
Dungeon (6/15)             Temple (1/1) D:6

Altars:
Ashenzari
Dithmenos
Kikubaaqudgha
Nemelex Xobeh
Okawaru
Qazlal
Sif Muna
Trog
Xom
Zin
The Shining One

Annotations:
D:4 Dowan; Duvessa; skk's ghost, novice MiGl


Innate Abilities, Weirdness & Mutations

You cannot wear most types of armour.
You are amphibious.
You can wear up to eight rings at the same time.
You can use your tentacles to constrict eight enemies at once.
Your skin changes colour to match your surroundings (Stealth).
Your rubbery body absorbs attacks (AC +1).


Message History

You constrict Menkaure. The hound closely misses you.
The quokka skeleton closely misses you. The hound closely misses you.
The orc misses you.
You hit Menkaure. You squeeze Menkaure.
You destroy Menkaure!
Your Poison Magic skill increases to level 2!
You have reached level 7!
The hound barely misses you. The quokka skeleton closely misses you.
Read which item? (? for menu, Esc to quit)
As you read the scroll of fear, it crumbles to dust.
You assume a fearsome visage.
The hound looks frightened!
The quokka skeleton is unaffected.
The giant cockroach looks frightened!
The orc looks frightened! x5; The quokka skeleton bites you.
* * * LOW HITPOINT WARNING * * *
You hit the quokka skeleton but do no damage.
Your grab misses the quokka skeleton. You hit the quokka skeleton.
You grab the quokka skeleton. You squeeze the quokka skeleton.
You constrict the quokka skeleton. The quokka skeleton bites you.
You die...

... ...#.....$.. ....
............
......####...........
.............$.......o..
...................o....
).......#.......o...h.o.
....................o...
...........#.##........#
.............##.@Z##..#
.........†.####.#.....#
....................s.#
.........#.##...#######
#.†............####
#†.................
#...........######.
#.........###
##..........#


You could see a hound (fleeing), 5 orcs, a giant cockroach (fleeing) and a
quokka skeleton.

Vanquished Creatures
  Menkaure (D:6)
  An ogre (D:4)
  A giant frog (D:6)
  A giant frog skeleton (D:6)
  Jessica (D:2)
  Crazy Yiuf (D:2)
  An orc wizard (D:3)
  A worker ant (D:4)
  5 adders
  An ooze (D:3)
  A worm (D:2)
  4 giant geckos
  12 orcs (D:3)
  3 giant cockroaches
  4 goblins
  8 hobgoblins
  5 jackals
  3 kobolds
  4 quokkas
  3 ball pythons
  5 bats
  3 giant newts
  3 rats
72 creatures vanquished.

Vanquished Creatures (others)
  A fungus (D:2)
1 creature vanquished.

Grand Total: 73 creatures vanquished

Notes
Turn   | Place    | Note
--------------------------------------------------------------
     0 | D:1      | Ijustatesigmund the Octopode Assassin began the quest for the Orb.
     0 | D:1      | Reached XP level 1. HP: 14/14 MP: 1/1
   239 | D:1      | Reached XP level 2. HP: 18/19 MP: 2/2
   851 | D:2      | Reached XP level 3. HP: 17/24 MP: 3/3
   954 | D:2      | Found an iron altar of Okawaru.
  1041 | D:2      | Noticed Jessica
  1043 | D:2      | Killed Jessica
  1043 | D:2      | Reached XP level 4. HP: 29/29 MP: 4/4
  1271 | D:2      | Noticed Crazy Yiuf
  1275 | D:2      | Killed Crazy Yiuf
  1275 | D:2      | Reached skill level 6 in Stealth
  1420 | D:3      | Found a shattered altar of Ashenzari.
  1486 | D:3      | Reached XP level 5. HP: 25/34 MP: 5/5
  1583 | D:3      | Upgraded the game from 0.18-a0-1692-g516f9e9 to 0.18-a0-1702-gd20c6a5
  2554 | D:4      | Noticed skk's ghost (novice MiGl)
  2911 | D:4      | Learned a level 3 spell: Spider Form
  2996 | D:4      | Noticed an ogre
  3014 | D:4      | Killed an ogre
  3014 | D:4      | Reached skill level 1 in Transmutations
  3014 | D:4      | Reached skill level 1 in Poison Magic
  3014 | D:4      | Reached XP level 6. HP: 39/39 MP: 6/6
  3043 | D:4      | Found a shadowy altar of Dithmenos.
  3252 | D:4      | Noticed Dowan
  3253 | D:4      | Noticed Duvessa
  4073 | D:5      | Entered Level 5 of the Dungeon
  4079 | D:5      | Noticed an ice beast
  4085 | D:6      | Found a staircase to the Ecumenical Temple.
  4090 | Temple   | Entered the Ecumenical Temple
  4422 | D:6      | Reached skill level 7 in Stealth
  4500 | D:6      | Noticed Menkaure
  4511 | D:6      | Killed Menkaure
  4511 | D:6      | Reached XP level 7. HP: 3/45 MP: 7/7
  4512 | D:6      | HP: 1/45 [quokka skeleton (2)]
  4514 | D:6      | Slain by a quokka skeleton

Vault maps used:
D:1:      lemuel_arrival_hallway
D:2:      okawaru_trees_1, uniq_jessica, uniq_crazy_yiuf_cottage
D:3:      first_bread, kennysheep_flooded_box
D:4:      nicolae_dithmenos_shadow_blocks, yredelemnul_altar_generic,
          hangedman_decor_growths, kennysheep_generic_room_14, uniq_duvessa,
          uniq_blork_the_orc
D:5:      nicolae_ru_awakened_eye, uniq_grinder
D:6:      minmay_temple_entry_trees, uniq_edmund, uniq_sigmund, uniq_menkaure
Temple:   minmay_temple_bridge_a_8

Skill      XL: |  1  2  3  4  5  6 |
---------------+-------------------+-----
Short Blades   | 3 4 |  4.6
Throwing       | 3 4 |  4.2
Stealth        | 6 7 |  7.3
Transmutations | 1 |  1.9
Poison Magic   | 1 2 |  2.3
Fighting       | |  2.0
Dodging        | |  1.0

Action                   |  1- 3 |  4- 6 |  7- 9 || total
-------------------------+-------+-------+-------++-------
Melee: Dagger            |    39 |   112 |     2 ||   153
 Fire: Blowgun           |       |    11 |       ||    11
  Use: Scroll            |     7 |     7 |     1 ||    15
       Potion            |       |     2 |       ||     2
 Stab: Sleeping          |    14 |    11 |       ||    25
       Distracted        |     1 |     1 |       ||     2
  Eat: Chunk             |       |     7 |       ||     7
       Beef jerky        |       |     2 |       ||     2
       Fruit             |       |     1 |       ||     1
